[ AOE2 MATCH · #462635974 ]
UnrankedBengalis vs Cumans
[ REPLAY ANALYSIS · EXTRACTED FROM THE RECORDED GAME ]
Feudal
4:20
Castle
7:28
Imperial
12:54
| APM avg | 24.0 |
| APM peak | 99 |
| eAPM avg | 19.7 |
| Villagers / military | 10 / 149 |
Focus
⚔️ 45.7% · 🌾 54.3%
Ratha (Ranged) ×117 · Battle Elephant ×27 · Mangonel ×5
Feudal
4:28
Castle
7:45
Imperial
13:12
| APM avg | 39.1 |
| APM peak | 91 |
| eAPM avg | 35.6 |
| Villagers / military | 119 / 257 |
Focus
⚔️ 18.3% · 🌾 81.7%
Bombard Cannon ×204 · Camel Scout ×35 · Mangonel ×18
Feudal
3:40
Castle
9:27
Imperial
13:01
| APM avg | 20.4 |
| APM peak | 74 |
| eAPM avg | 18.1 |
| Villagers / military | 24 / 156 |
Focus
⚔️ 29.3% · 🌾 70.7%
Steppe Lancer ×155 · Unknown (1260) ×99 · Mangonel ×1
Feudal
2:58
Castle
6:13
Imperial
11:00
| APM avg | 56.7 |
| APM peak | 108 |
| eAPM avg | 49.0 |
| Villagers / military | 0 / 491 |
Focus
⚔️ 21.8% · 🌾 78.2%
Spearman ×235 · Woad Raider ×219 · Petard ×35 · Mangonel ×2
Feudal
3:38
Castle
6:40
Imperial
10:42
| APM avg | 25.4 |
| APM peak | 73 |
| eAPM avg | 22.7 |
| Villagers / military | 1 / 44 |
Focus
⚔️ 36.9% · 🌾 63.1%
Unknown (1260) ×117 · Unknown (1949) ×95 · Warrior Priest ×43 · Unknown (1952) ×6 · Mangonel ×1
Feudal
4:03
Castle
6:47
Imperial
10:16
| APM avg | 36.4 |
| APM peak | 143 |
| eAPM avg | 28.8 |
| Villagers / military | 12 / 59 |
Focus
⚔️ 15.4% · 🌾 84.6%
Bombard Cannon ×36 · Mangonel ×22 · Monk ×1
Feudal
4:01
Castle
6:02
Imperial
12:19
| APM avg | 11.7 |
| APM peak | 25 |
| eAPM avg | 10.3 |
| Villagers / military | 10 / 18 |
Focus
⚔️ 32.1% · 🌾 67.9%
Unknown (1260) ×89 · Warrior Priest ×15 · Mangonel ×2 · Monk ×1
Feudal
4:05
Castle
6:42
Imperial
14:54
| APM avg | 17.6 |
| APM peak | 44 |
| eAPM avg | 14.5 |
| Villagers / military | 22 / 107 |
Focus
⚔️ 21.8% · 🌾 78.2%
Skirmisher ×105 · Mangonel ×2
Match map
Initial resources + every placement click. Lines = walls · curves = elevation contours. ◆ gold · ⬟ stone · ● berries · ✦ relic · ◌ wall gap
Your base· ✓ Map-separated
AceTrooper's base· ✓ Map-separated
Yakult's base· ✓ Map-separated
漫山哒哒哒's base· ✓ Map-separated
Lumedge's base· ✓ Map-separated
tonkatumura's base· ✓ Map-separated
dkarsten27's base· ✓ Map-separated
jonathan's base· ✓ Map-separated
Smoothed initial terrain · ◌ = detected wall gap · hover for details
Inputs per minute
— highROLEX - - AceTrooper
Build order — highROLEX
First 150 of 344 actions detected
| 0:02 | Build | Lumber Camp |
| 0:07 | Build | Mill |
| 0:08 | Create | Villager (Male) |
| 0:08 | Create | Villager (Male) |
| 0:08 | Create | Villager (Male) |
| 0:09 | Create | Villager (Male) |
| 0:30 | Build | House |
| 0:42 | Build | Farm |
| 0:46 | Build | Farm |
| 0:50 | Build | Farm |
| 1:16 | Build | Farm |
| 1:38 | Build | Farm |
| 1:57 | Build | House |
| 2:14 | Build | Farm |
| 2:20 | Build | Farm |
| 2:26 | Build | Farm |
| 2:28 | Create | Villager (Male) |
| 2:28 | Create | Villager (Male) |
| 2:36 | Build | Farm |
| 2:40 | Build | Farm |
| 2:55 | Build | Farm |
| 3:28 | Research | Feudal Age |
| 3:51 | Build | Mining Camp |
| 4:01 | Create | Villager (Male) |
| 4:01 | Create | Villager (Male) |
| 4:02 | Create | Villager (Male) |
| 4:02 | Create | Villager (Male) |
| 4:20 | Age | Feudal Age |
| 4:23 | Research | Double-Bit Axe |
| 4:23 | Research | Tech 1687 |
| 4:29 | Research | Gold Mining |
| 4:30 | Research | Tech 1653 |
| 4:30 | Research | Tech 1654 |
| 4:46 | Research | Town Watch |
| 5:38 | Build | Market |
| 6:05 | Build | Blacksmith |
| 6:24 | Research | Castle Age |
| 6:31 | Build | Lumber Camp |
| 6:33 | Build | Lumber Camp |
| 6:37 | Research | Tech 1688 |
| 6:50 | Build | Farm |
| 6:57 | Build | Farm |
| 7:20 | Research | Wheelbarrow |
| 7:21 | Research | Tech 1699 |
| 7:24 | Research | Tech 1688 |
| 7:28 | Age | Castle Age |
| 7:28 | Research | Bow Saw |
| 7:43 | Build | Farm |
| 7:47 | Build | Farm |
| 7:54 | Research | Tech 1691 |
| 7:55 | Research | Tech 1692 |
| 8:02 | Research | Gold Shaft Mining |
| 8:02 | Research | Tech 1677 |
| 8:02 | Research | Tech 1678 |
| 8:18 | Build | Town Center |
| 8:27 | Build | Farm |
| 8:32 | Build | Farm |
| 8:47 | Research | Tech 1692 |
| 8:50 | Build | Lumber Camp |
| 9:01 | Build | Town Center |
| 9:26 | Research | Tech 1692 |
| 9:29 | Research | Hand Cart |
| 9:30 | Research | Tech 1715 |
| 9:31 | Research | Tech 1716 |
| 9:42 | Build | Farm |
| 9:48 | Build | Farm |
| 10:15 | Build | Monastery |
| 10:21 | Build | Siege Workshop |
| 10:34 | Build | Mill |
| 10:47 | Build | Farm |
| 10:54 | Build | Farm |
| 10:56 | Build | Farm |
| 10:58 | Build | Farm |
| 11:01 | Build | Farm |
| 11:04 | Build | Farm |
| 11:07 | Build | Farm |
| 11:09 | Build | Farm |
| 11:12 | Build | Farm |
| 11:15 | Build | Farm |
| 11:23 | Build | Farm |
| 11:28 | Build | Farm |
| 11:30 | Build | Farm |
| 11:33 | Build | Farm |
| 11:38 | Research | Imperial Age |
| 11:40 | Research | Tech 1955 |
| 11:57 | Research | Forging |
| 11:57 | Research | Scale Barding Armor |
| 11:58 | Research | Tech 1661 |
| 11:58 | Research | Tech 1871 |
| 12:28 | Build | Castle |
| 12:45 | Research | Chain Barding Armor |
| 12:45 | Research | Iron Casting |
| 12:45 | Research | Tech 1662 |
| 12:45 | Research | Tech 1673 |
| 12:46 | Research | Tech 1869 |
| 12:54 | Age | Imperial Age |
| 13:05 | Build | Lumber Camp |
| 13:19 | Build | Lumber Camp |
| 13:23 | Build | Lumber Camp |
| 13:36 | Build | Farm |
| 13:45 | Research | Paiks |
| 13:46 | Research | Mahayana |
| 13:47 | Research | Tech 1854 |
| 13:57 | Research | Two-Man Saw |
| 13:58 | Research | Tech 1705 |
| 13:58 | Research | Tech 1706 |
| 14:26 | Build | Farm |
| 14:30 | Build | Farm |
| 14:35 | Build | Farm |
| 14:40 | Build | Farm |
| 14:43 | Research | Tech 1625 |
| 14:43 | Research | Tech 1624 |
| 14:43 | Research | Horse Collar |
| 14:48 | Research | Town Patrol |
| 14:48 | Research | Tech 1612 |
| 14:49 | Research | Tech 1613 |
| 14:52 | Research | Blast Furnace |
| 14:52 | Research | Scale Mail Armor |
| 14:53 | Research | Plate Barding Armor |
| 14:53 | Research | Tech 1665 |
| 14:55 | Research | Tech 1671 |
| 14:55 | Research | Tech 1666 |
| 14:56 | Research | Tech 1672 |
| 14:56 | Research | Tech 1869 |
| 14:56 | Research | Tech 1674 |
| 14:56 | Research | Tech 1870 |
| 15:04 | Build | Siege Workshop |
| 15:13 | Build | Barracks |
| 15:19 | Build | Siege Workshop |
| 15:22 | Build | Lumber Camp |
| 15:38 | Build | Lumber Camp |
| 15:48 | Create | Mangonel |
| 16:02 | Build | Lumber Camp |
| 16:24 | Research | Onager (upgrade) |
| 16:25 | Create | Mangonel |
| 16:52 | Build | Mining Camp |
| 17:04 | Research | Stone Mining |
| 17:04 | Research | Tech 1723 |
| 17:05 | Research | Tech 1724 |
| 17:05 | Research | Tech 1727 |
| 17:05 | Research | Tech 1728 |
| 17:23 | Build | Lumber Camp |
| 17:28 | Build | Stable |
| 17:35 | Research | Siege Elephant (upgrade) |
| 17:44 | Research | Elite Battle Elephant (upgrade) |
| 17:45 | Research | Bloodlines |
| 17:45 | Research | Husbandry |
| 17:46 | Research | Tech 1634 |
| 17:47 | Research | Tech 1749 |
| 17:47 | Research | Tech 1750 |
Build order — AceTrooper
First 150 of 350 actions detected
| 0:02 | Create | Villager (Male) ×4 |
| 0:08 | Build | House |
| 0:09 | Build | Mill |
| 0:27 | Build | Farm |
| 0:31 | Build | Farm |
| 0:58 | Build | Lumber Camp |
| 1:11 | Build | Farm |
| 1:31 | Create | Villager (Male) |
| 1:36 | Build | Farm |
| 1:38 | Build | Farm |
| 1:55 | Create | Villager (Male) |
| 1:59 | Build | Farm |
| 2:23 | Create | Villager (Male) |
| 2:24 | Create | Villager (Male) |
| 2:26 | Build | Farm |
| 2:29 | Build | Farm |
| 2:30 | Build | Farm |
| 2:32 | Create | Villager (Male) |
| 2:32 | Create | Villager (Male) |
| 2:35 | Build | Farm |
| 3:32 | Research | Feudal Age |
| 4:14 | Create | Villager (Male) ×5 |
| 4:14 | Create | Villager (Male) ×4 |
| 4:28 | Age | Feudal Age |
| 4:38 | Build | Market |
| 4:42 | Build | Blacksmith |
| 4:44 | Research | Double-Bit Axe |
| 4:44 | Research | Tech 1687 |
| 4:45 | Research | Tech 1688 |
| 4:45 | Research | Tech 1688 |
| 4:52 | Research | Tech 1625 |
| 5:07 | Research | Tech 1624 |
| 5:16 | Research | Horse Collar |
| 5:24 | Build | Farm |
| 6:13 | Build | Lumber Camp |
| 6:41 | Research | Castle Age |
| 7:25 | Research | Wheelbarrow |
| 7:25 | Research | Tech 1699 |
| 7:26 | Research | Tech 1955 |
| 7:26 | Research | Tech 1955 |
| 7:45 | Age | Castle Age |
| 7:57 | Build | Town Center |
| 7:58 | Build | Town Center |
| 8:05 | Research | Bow Saw |
| 8:05 | Research | Tech 1691 |
| 8:06 | Research | Tech 1691 |
| 8:11 | Build | Town Center |
| 8:19 | Build | Town Center |
| 8:25 | Build | Town Center |
| 8:29 | Research | Town Watch |
| 8:29 | Research | Tech 1612 |
| 8:30 | Research | Tech 1613 |
| 8:38 | Build | Town Center |
| 8:49 | Build | Town Center |
| 9:08 | Build | Lumber Camp |
| 9:09 | Create | Villager (Male) |
| 9:22 | Build | Farm |
| 9:24 | Build | Farm |
| 9:24 | Build | Farm |
| 9:27 | Build | Farm |
| 9:30 | Build | Town Center |
| 10:00 | Build | Farm |
| 10:02 | Build | Farm |
| 10:03 | Build | Farm |
| 10:07 | Build | Farm |
| 10:08 | Build | Farm |
| 10:11 | Build | Farm |
| 10:12 | Research | Tech 1692 |
| 10:17 | Build | Lumber Camp |
| 10:41 | Build | Farm |
| 10:43 | Build | Farm |
| 10:44 | Build | Farm |
| 10:45 | Build | Farm |
| 10:46 | Build | Farm |
| 10:49 | Build | Farm |
| 10:51 | Build | Lumber Camp |
| 10:55 | Build | Farm |
| 10:58 | Build | Farm |
| 11:01 | Build | Lumber Camp |
| 11:08 | Build | Lumber Camp |
| 11:25 | Build | Farm |
| 11:29 | Build | Market |
| 11:34 | Build | Siege Workshop |
| 11:36 | Build | Monastery |
| 11:56 | Research | Imperial Age |
| 11:59 | Create | Mangonel |
| 12:00 | Create | Mangonel |
| 12:00 | Create | Mangonel |
| 12:04 | Build | Lumber Camp |
| 12:09 | Build | House |
| 12:10 | Build | House |
| 12:11 | Build | House |
| 12:12 | Build | House |
| 12:13 | Build | House |
| 12:15 | Build | Lumber Camp |
| 12:19 | Research | Hand Cart |
| 12:19 | Research | Tech 1715 |
| 12:20 | Research | Tech 1715 |
| 12:24 | Build | Lumber Camp |
| 12:39 | Build | Farm |
| 12:46 | Build | Farm |
| 12:49 | Build | Farm |
| 12:54 | Build | Farm |
| 12:56 | Build | Farm |
| 13:11 | Research | Tech 1716 |
| 13:12 | Age | Imperial Age |
| 13:28 | Research | Guilds |
| 13:33 | Research | Onager (upgrade) |
| 13:44 | Build | Lumber Camp |
| 13:48 | Research | Tech 1705 |
| 13:48 | Research | Tech 1705 |
| 13:56 | Build | Mining Camp |
| 14:02 | Build | Lumber Camp |
| 14:03 | Build | Lumber Camp |
| 14:09 | Build | Lumber Camp |
| 14:12 | Build | Lumber Camp |
| 14:17 | Build | Farm |
| 14:18 | Build | Farm |
| 14:19 | Build | Farm |
| 14:22 | Build | Farm |
| 14:30 | Research | Stone Mining |
| 14:30 | Research | Tech 1723 |
| 14:30 | Research | Stone Shaft Mining |
| 14:31 | Research | Tech 1724 |
| 14:31 | Research | Tech 1727 |
| 14:31 | Research | Tech 1728 |
| 14:32 | Research | Gold Mining |
| 14:33 | Research | Tech 1653 |
| 14:33 | Research | Gold Shaft Mining |
| 14:33 | Research | Tech 1654 |
| 14:34 | Research | Tech 1677 |
| 14:34 | Research | Tech 1678 |
| 14:37 | Build | Lumber Camp |
| 14:43 | Build | Farm |
| 14:44 | Build | Farm |
| 14:47 | Build | Farm |
| 14:47 | Build | Farm |
| 14:48 | Build | Farm |
| 14:49 | Build | Farm |
| 14:51 | Build | Farm |
| 15:03 | Build | Lumber Camp |
| 15:09 | Build | Barracks |
| 15:10 | Build | Blacksmith |
| 15:11 | Build | Blacksmith |
| 15:12 | Build | Blacksmith |
| 15:17 | Build | Lumber Camp |
| 15:23 | Build | Mill |
| 15:26 | Build | Lumber Camp |
| 15:30 | Research | Tech 1706 |
| 15:38 | Create | Villager (Male) ×5 |
Build order — Yakult
First 150 of 270 actions detected
| 0:18 | Build | Mill |
| 0:33 | Build | Farm |
| 0:35 | Build | Farm |
| 0:39 | Build | Farm |
| 0:54 | Build | Farm |
| 1:05 | Build | Farm |
| 1:09 | Build | Farm |
| 1:12 | Build | Farm |
| 1:17 | Build | Farm |
| 1:56 | Build | Mule Cart |
| 2:11 | Build | Mule Cart |
| 2:17 | Build | Mule Cart |
| 2:48 | Research | Feudal Age |
| 3:33 | Create | Villager (Male) |
| 3:33 | Create | Villager (Male) |
| 3:34 | Create | Villager (Male) |
| 3:40 | Age | Feudal Age |
| 4:04 | Build | Town Center |
| 4:10 | Build | Town Center |
| 4:29 | Research | Wheelbarrow |
| 4:30 | Research | Tech 1699 |
| 4:35 | Research | Double-Bit Axe |
| 4:35 | Research | Tech 1687 |
| 4:36 | Research | Tech 1688 |
| 4:44 | Research | Tech 1700 |
| 4:54 | Research | Gold Mining |
| 4:57 | Research | Tech 1653 |
| 5:17 | Research | Town Watch |
| 5:18 | Research | Town Watch |
| 5:50 | Research | Tech 1612 |
| 5:53 | Research | Tech 1613 |
| 5:58 | Research | Tech 1654 |
| 6:11 | Build | Market |
| 6:12 | Build | Blacksmith |
| 6:17 | Create | Villager (Male) |
| 6:25 | Build | House |
| 6:27 | Build | House |
| 6:43 | Research | Stone Mining |
| 6:43 | Research | Tech 1723 |
| 6:44 | Research | Tech 1724 |
| 6:55 | Build | Mule Cart |
| 7:19 | Build | Farm |
| 7:20 | Build | Farm |
| 7:22 | Build | Farm |
| 7:24 | Build | Farm |
| 7:25 | Build | Farm |
| 7:27 | Build | Farm |
| 7:36 | Build | Mill |
| 7:58 | Build | Farm |
| 7:59 | Build | Farm |
| 8:05 | Build | Farm |
| 8:07 | Build | Farm |
| 8:23 | Research | Castle Age |
| 8:43 | Research | Tech 1625 |
| 8:44 | Research | Tech 1624 |
| 8:44 | Research | Horse Collar |
| 8:57 | Build | Mule Cart |
| 9:26 | Build | Farm |
| 9:27 | Age | Castle Age |
| 9:28 | Build | Farm |
| 9:37 | Research | Hand Cart |
| 9:38 | Research | Tech 1715 |
| 9:38 | Research | Tech 1716 |
| 9:46 | Research | Bow Saw |
| 9:46 | Research | Tech 1691 |
| 9:47 | Research | Tech 1692 |
| 9:49 | Research | Gold Shaft Mining |
| 9:52 | Research | Tech 1677 |
| 10:42 | Build | Siege Workshop |
| 11:01 | Build | Farm |
| 11:02 | Build | Farm |
| 11:13 | Build | Monastery |
| 11:20 | Build | Farm |
| 11:21 | Build | Farm |
| 11:24 | Build | Farm |
| 11:26 | Build | Mill |
| 11:45 | Research | Imperial Age |
| 11:46 | Research | Town Patrol |
| 11:47 | Research | Loom |
| 11:51 | Research | Tech 1678 |
| 11:53 | Research | Tech 1727 |
| 11:53 | Research | Tech 1728 |
| 12:05 | Build | Farm |
| 12:08 | Build | Farm |
| 12:09 | Build | Farm |
| 12:11 | Build | Farm |
| 12:13 | Build | Farm |
| 12:16 | Build | Farm |
| 12:19 | Build | Farm |
| 12:22 | Build | Farm |
| 12:30 | Build | Mule Cart |
| 12:42 | Build | Castle |
| 12:51 | Build | Farm |
| 12:52 | Build | Farm |
| 12:54 | Build | Farm |
| 12:55 | Build | Farm |
| 13:01 | Age | Imperial Age |
| 13:03 | Build | University |
| 13:06 | Build | Mule Cart |
| 13:17 | Research | Onager (upgrade) |
| 13:18 | Create | Mangonel |
| 13:38 | Create | Villager (Male) ×5 |
| 13:38 | Create | Villager (Male) ×5 |
| 13:38 | Create | Villager (Male) ×5 |
| 13:39 | Create | Villager (Male) ×5 |
| 13:58 | Build | Blacksmith |
| 14:00 | Build | Blacksmith |
| 14:02 | Build | Blacksmith |
| 14:07 | Research | Ballistics |
| 14:15 | Build | Barracks |
| 14:33 | Research | Cuman Mercenaries |
| 14:39 | Research | Elite Kipchak (upgrade) |
| 14:40 | Research | Tech 1836 |
| 14:41 | Research | Tech 1837 |
| 14:47 | Research | Steppe Husbandry |
| 14:47 | Research | Tech 1834 |
| 14:48 | Research | Tech 1835 |
| 14:58 | Build | Archery Range |
| 15:06 | Build | Stable |
| 15:09 | Build | Stable |
| 15:13 | Research | Fletching |
| 15:13 | Research | Fletching |
| 15:13 | Research | Tech 1681 |
| 15:14 | Research | Tech 1682 |
| 15:15 | Research | Padded Archer Armor |
| 15:16 | Research | Padded Archer Armor |
| 15:16 | Research | Tech 1695 |
| 15:16 | Research | Tech 1696 |
| 15:29 | Research | Conscription |
| 15:29 | Research | Tech 1733 |
| 15:30 | Research | Tech 1734 |
| 15:30 | Research | Tech 1734 |
| 16:00 | Build | Stable |
| 16:02 | Build | Stable |
| 16:10 | Build | Stable |
| 16:12 | Build | Stable |
| 16:23 | Build | House |
| 16:24 | Build | House |
| 16:26 | Build | House |
| 16:27 | Build | House |
| 16:31 | Build | House |
| 16:32 | Build | House |
| 16:36 | Build | House |
| 16:37 | Build | House |
| 16:37 | Build | House |
| 16:38 | Build | House |
| 17:03 | Research | Tech 1634 |
| 17:03 | Research | Tech 1635 |
| 17:04 | Research | Bloodlines |
| 17:04 | Research | Tech 1749 |
Build order — 漫山哒哒哒
First 150 of 778 actions detected
| 0:14 | Build | Mill |
| 0:18 | Build | House |
| 0:36 | Build | Lumber Camp |
| 0:40 | Build | Farm |
| 0:42 | Build | Farm |
| 0:43 | Build | Farm |
| 1:05 | Build | Farm |
| 1:13 | Build | Farm |
| 1:18 | Build | Farm |
| 2:06 | Research | Feudal Age |
| 2:58 | Age | Feudal Age |
| 3:00 | Build | Market |
| 3:19 | Research | Tech 1625 |
| 4:51 | Build | Blacksmith |
| 5:09 | Research | Castle Age |
| 6:13 | Age | Castle Age |
| 6:16 | Build | Town Center |
| 6:18 | Build | Town Center |
| 6:19 | Build | Town Center |
| 6:48 | Build | House |
| 6:53 | Build | Mining Camp |
| 6:56 | Build | Mining Camp |
| 7:20 | Build | University |
| 7:22 | Build | Monastery |
| 7:37 | Build | Mill |
| 7:40 | Build | Mill |
| 7:46 | Research | Stone Mining |
| 7:46 | Research | Gold Mining |
| 7:46 | Research | Gold Mining |
| 7:46 | Research | Stone Mining |
| 7:46 | Research | Stone Mining |
| 7:46 | Research | Stone Mining |
| 7:46 | Research | Gold Mining |
| 7:47 | Research | Tech 1723 |
| 7:47 | Research | Tech 1653 |
| 7:47 | Research | Tech 1723 |
| 7:47 | Research | Stone Shaft Mining |
| 7:47 | Research | Gold Shaft Mining |
| 7:47 | Research | Stone Shaft Mining |
| 7:47 | Research | Gold Shaft Mining |
| 7:47 | Research | Stone Shaft Mining |
| 7:47 | Research | Stone Shaft Mining |
| 7:48 | Research | Stone Shaft Mining |
| 7:48 | Research | Gold Shaft Mining |
| 7:48 | Research | Stone Shaft Mining |
| 7:48 | Research | Stone Shaft Mining |
| 7:48 | Research | Gold Shaft Mining |
| 7:48 | Research | Stone Shaft Mining |
| 7:48 | Research | Stone Shaft Mining |
| 7:48 | Research | Gold Shaft Mining |
| 7:49 | Research | Tech 1724 |
| 7:49 | Research | Tech 1654 |
| 7:49 | Research | Tech 1724 |
| 7:49 | Research | Tech 1654 |
| 7:49 | Research | Tech 1724 |
| 7:49 | Research | Tech 1654 |
| 7:50 | Research | Tech 1727 |
| 7:50 | Research | Tech 1677 |
| 7:50 | Research | Tech 1727 |
| 7:50 | Research | Tech 1677 |
| 7:50 | Research | Tech 1727 |
| 7:50 | Research | Tech 1677 |
| 7:50 | Research | Tech 1728 |
| 7:50 | Research | Tech 1678 |
| 7:51 | Research | Tech 1728 |
| 7:51 | Research | Tech 1678 |
| 8:22 | Build | Monastery |
| 9:21 | Build | Lumber Camp |
| 9:25 | Build | Market |
| 9:44 | Research | Imperial Age |
| 9:47 | Research | Town Watch |
| 9:47 | Research | Town Watch |
| 9:47 | Research | Town Watch |
| 9:48 | Research | Town Watch |
| 9:48 | Research | Tech 1612 |
| 9:48 | Research | Tech 1612 |
| 9:49 | Research | Tech 1613 |
| 9:49 | Research | Tech 1613 |
| 9:56 | Build | Siege Workshop |
| 10:07 | Build | Lumber Camp |
| 10:10 | Create | Mangonel |
| 10:28 | Build | Market |
| 10:50 | Build | Town Center |
| 10:53 | Build | Town Center |
| 11:00 | Age | Imperial Age |
| 11:02 | Research | Onager (upgrade) |
| 11:02 | Create | Mangonel |
| 11:12 | Research | Wheelbarrow |
| 11:12 | Research | Wheelbarrow |
| 11:13 | Research | Wheelbarrow |
| 11:13 | Research | Wheelbarrow |
| 11:13 | Research | Tech 1699 |
| 11:14 | Research | Tech 1699 |
| 11:14 | Research | Tech 1699 |
| 11:14 | Research | Tech 1955 |
| 11:15 | Research | Tech 1955 |
| 11:35 | Build | Barracks |
| 12:01 | Build | Mining Camp |
| 12:22 | Build | Mining Camp |
| 12:38 | Build | Market |
| 12:41 | Build | Lumber Camp |
| 12:48 | Build | Mining Camp |
| 12:51 | Build | Mining Camp |
| 13:20 | Build | Castle |
| 13:36 | Research | Hand Cart |
| 13:36 | Research | Hand Cart |
| 13:37 | Research | Hand Cart |
| 13:37 | Research | Tech 1715 |
| 13:37 | Research | Loom |
| 13:37 | Research | Tech 1715 |
| 13:37 | Research | Loom |
| 13:37 | Research | Tech 1715 |
| 13:37 | Research | Loom |
| 13:38 | Research | Tech 1715 |
| 13:38 | Research | Tech 1628 |
| 13:38 | Research | Tech 1628 |
| 13:38 | Research | Tech 1716 |
| 13:38 | Research | Tech 1716 |
| 13:38 | Research | Tech 1628 |
| 13:39 | Research | Tech 1716 |
| 13:39 | Research | Tech 1629 |
| 13:39 | Research | Tech 1629 |
| 13:39 | Research | Tech 1716 |
| 13:39 | Research | Tech 1716 |
| 13:39 | Research | Tech 1629 |
| 13:40 | Research | Tech 1629 |
| 13:40 | Research | Tech 1716 |
| 14:04 | Build | House |
| 14:05 | Build | House |
| 14:06 | Build | House |
| 14:08 | Build | House |
| 14:13 | Build | Farm |
| 14:13 | Build | Farm |
| 14:14 | Build | Farm |
| 14:14 | Build | Farm |
| 14:14 | Build | Farm |
| 14:15 | Build | Farm |
| 14:15 | Build | Farm |
| 14:15 | Build | Farm |
| 14:16 | Build | Farm |
| 14:16 | Build | Farm |
| 14:16 | Build | Farm |
| 14:17 | Build | Farm |
| 14:17 | Build | Farm |
| 14:18 | Build | Farm |
| 14:18 | Build | Farm |
| 14:18 | Build | Farm |
| 14:19 | Build | Farm |
| 14:22 | Build | Farm |
| 14:22 | Build | Farm |
Build order — Lumedge
First 150 of 364 actions detected
| 0:11 | Build | House |
| 0:25 | Build | Mill |
| 0:38 | Build | Farm |
| 0:40 | Build | Farm |
| 0:43 | Build | Farm |
| 0:46 | Build | Farm |
| 0:47 | Build | Farm |
| 0:48 | Build | Farm |
| 0:52 | Build | Farm |
| 1:08 | Build | Farm |
| 1:12 | Build | Farm |
| 1:15 | Build | Farm |
| 1:55 | Build | Mule Cart |
| 2:00 | Build | Mule Cart |
| 2:10 | Build | Mule Cart |
| 2:46 | Research | Feudal Age |
| 3:38 | Age | Feudal Age |
| 3:40 | Create | Villager (Male) |
| 3:45 | Research | Double-Bit Axe |
| 3:46 | Research | Tech 1687 |
| 3:47 | Research | Tech 1688 |
| 3:53 | Build | Farm |
| 4:04 | Build | Market |
| 4:09 | Research | Stone Mining |
| 4:09 | Research | Gold Mining |
| 4:12 | Research | Wheelbarrow |
| 4:47 | Build | Blacksmith |
| 5:36 | Research | Castle Age |
| 5:46 | Build | Town Center |
| 5:54 | Build | Farm |
| 6:19 | Build | Farm |
| 6:36 | Build | Farm |
| 6:40 | Age | Castle Age |
| 6:46 | Research | Hand Cart |
| 6:46 | Research | Town Watch |
| 6:47 | Research | Town Watch |
| 6:48 | Research | Tech 1612 |
| 6:48 | Research | Tech 1612 |
| 6:48 | Research | Tech 1612 |
| 6:56 | Research | Tech 1613 |
| 7:05 | Research | Bow Saw |
| 7:19 | Build | Mule Cart |
| 7:31 | Build | Farm |
| 7:36 | Research | Stone Shaft Mining |
| 7:42 | Build | Farm |
| 7:53 | Research | Gold Shaft Mining |
| 7:55 | Research | Tech 1691 |
| 7:58 | Research | Tech 1692 |
| 8:04 | Build | Farm |
| 8:08 | Build | Farm |
| 8:12 | Build | Farm |
| 8:15 | Build | Farm |
| 8:19 | Build | Farm |
| 9:06 | Build | Siege Workshop |
| 9:11 | Build | Monastery |
| 9:20 | Build | Mule Cart |
| 9:26 | Research | Imperial Age |
| 9:28 | Research | Tech 1699 |
| 9:30 | Research | Tech 1700 |
| 9:39 | Build | Farm |
| 9:41 | Build | Farm |
| 9:43 | Build | Farm |
| 10:05 | Build | Mule Cart |
| 10:08 | Build | Mule Cart |
| 10:42 | Age | Imperial Age |
| 10:49 | Build | University |
| 10:53 | Build | Castle |
| 11:09 | Research | Treadmill Crane |
| 11:09 | Research | Treadmill Crane |
| 11:10 | Research | Treadmill Crane |
| 11:10 | Research | Tech 1651 |
| 11:11 | Research | Tech 1652 |
| 11:13 | Research | Ballistics |
| 11:28 | Research | Tech 1705 |
| 11:34 | Research | Tech 1706 |
| 11:34 | Research | Tech 1653 |
| 11:36 | Research | Tech 1654 |
| 11:46 | Build | Barracks |
| 11:52 | Research | Tech 1061 |
| 11:53 | Research | Tech 1891 |
| 11:54 | Research | Tech 1892 |
| 11:55 | Research | Tech 1036 |
| 11:57 | Research | Conscription |
| 12:01 | Build | Archery Range |
| 12:02 | Build | Stable |
| 12:07 | Build | Blacksmith |
| 12:09 | Build | Blacksmith |
| 12:10 | Build | Blacksmith |
| 12:15 | Build | Blacksmith |
| 12:24 | Build | Mule Cart |
| 12:41 | Research | Husbandry |
| 12:41 | Research | Bloodlines |
| 12:42 | Research | Husbandry |
| 12:42 | Research | Tech 1634 |
| 12:43 | Research | Tech 1749 |
| 12:43 | Research | Tech 1635 |
| 12:44 | Research | Tech 1635 |
| 12:44 | Research | Tech 1750 |
| 12:44 | Research | Tech 1750 |
| 12:52 | Research | Fletching |
| 12:52 | Research | Forging |
| 12:52 | Research | Forging |
| 13:08 | Build | Mule Cart |
| 13:12 | Create | Mangonel |
| 13:19 | Build | House |
| 13:20 | Build | House |
| 13:20 | Build | House |
| 13:21 | Build | House |
| 13:21 | Build | House |
| 13:22 | Build | House |
| 13:22 | Build | House |
| 13:22 | Build | House |
| 13:23 | Build | House |
| 13:35 | Research | Onager (upgrade) |
| 13:39 | Build | Siege Workshop |
| 13:53 | Create | Unit 1949 |
| 13:54 | Create | Unit 1949 |
| 13:56 | Create | Unit 1949 |
| 14:00 | Research | Iron Casting |
| 14:00 | Research | Scale Barding Armor |
| 14:05 | Research | Tech 1733 |
| 14:16 | Research | Tech 1734 |
| 14:59 | Build | Mule Cart |
| 15:06 | Create | Unit 1949 |
| 15:07 | Create | Unit 1949 |
| 15:09 | Research | Tech 1062 |
| 15:10 | Research | Tech 1893 |
| 15:19 | Research | Blast Furnace |
| 15:20 | Research | Scale Barding Armor |
| 15:21 | Research | Bodkin Arrow |
| 15:23 | Research | Tech 1661 |
| 15:23 | Research | Tech 1871 |
| 15:28 | Build | Blacksmith |
| 15:29 | Build | Blacksmith |
| 15:30 | Build | Blacksmith |
| 15:36 | Research | Loom |
| 15:36 | Research | Loom |
| 15:37 | Research | Loom |
| 15:37 | Research | Tech 1628 |
| 15:37 | Research | Tech 1628 |
| 15:38 | Research | Tech 1628 |
| 15:38 | Research | Tech 1629 |
| 15:38 | Research | Tech 1629 |
| 15:39 | Research | Tech 1629 |
| 15:42 | Research | Tech 1662 |
| 15:43 | Research | Scale Mail Armor |
| 15:43 | Research | Tech 1662 |
| 15:51 | Create | Unit 1260 |
| 15:52 | Create | Unit 1260 ×5 |
| 15:54 | Create | Unit 1260 ×5 |
Build order — tonkatumura
First 150 of 301 actions detected
| 0:01 | Create | Villager (Male) |
| 0:02 | Create | Villager (Male) |
| 0:02 | Create | Villager (Male) |
| 0:02 | Create | Villager (Male) |
| 0:05 | Build | House |
| 0:10 | Build | Mill |
| 0:25 | Build | Farm |
| 0:38 | Build | Farm |
| 0:44 | Build | Farm |
| 0:56 | Build | Farm |
| 1:06 | Build | Farm |
| 1:27 | Create | Villager (Male) |
| 1:30 | Build | Farm |
| 1:39 | Build | Lumber Camp |
| 1:43 | Create | Villager (Male) |
| 1:58 | Build | Farm |
| 2:13 | Create | Villager (Male) |
| 2:19 | Build | Farm |
| 2:34 | Build | Farm |
| 2:53 | Build | Farm |
| 3:11 | Research | Feudal Age |
| 3:30 | Create | Villager (Male) |
| 4:03 | Age | Feudal Age |
| 4:04 | Build | Market |
| 4:06 | Research | Double-Bit Axe |
| 4:07 | Research | Double-Bit Axe |
| 4:07 | Research | Tech 1687 |
| 4:08 | Research | Tech 1687 |
| 4:08 | Research | Tech 1688 |
| 4:11 | Create | Villager (Male) |
| 4:11 | Create | Villager (Male) |
| 4:12 | Create | Villager (Male) |
| 4:28 | Build | Blacksmith |
| 4:43 | Research | Wheelbarrow |
| 4:48 | Build | Farm |
| 4:53 | Build | Lumber Camp |
| 5:14 | Build | Lumber Camp |
| 5:19 | Build | Farm |
| 5:43 | Research | Castle Age |
| 6:00 | Build | Lumber Camp |
| 6:16 | Build | Farm |
| 6:38 | Build | Lumber Camp |
| 6:47 | Age | Castle Age |
| 6:50 | Build | Town Center |
| 7:02 | Build | Town Center |
| 7:04 | Research | Hand Cart |
| 7:06 | Research | Bow Saw |
| 7:07 | Research | Tech 1691 |
| 7:08 | Research | Tech 1692 |
| 7:20 | Build | Town Center |
| 7:25 | Build | Town Center |
| 7:49 | Build | Lumber Camp |
| 8:32 | Build | University |
| 8:37 | Build | Siege Workshop |
| 8:38 | Research | Town Watch |
| 8:38 | Research | Town Watch |
| 8:38 | Research | Town Watch |
| 8:39 | Research | Tech 1612 |
| 8:39 | Research | Tech 1612 |
| 8:39 | Research | Tech 1612 |
| 8:46 | Build | Farm |
| 8:47 | Build | Farm |
| 8:51 | Build | Farm |
| 8:52 | Build | Farm |
| 9:00 | Research | Imperial Age |
| 9:32 | Create | Mangonel |
| 9:33 | Create | Mangonel |
| 9:42 | Build | House |
| 9:45 | Build | House |
| 9:51 | Build | House |
| 9:52 | Build | House |
| 9:52 | Build | House |
| 9:57 | Research | Treadmill Crane |
| 9:57 | Research | Treadmill Crane |
| 9:58 | Research | Treadmill Crane |
| 9:58 | Research | Tech 1651 |
| 9:58 | Research | Tech 1651 |
| 9:59 | Research | Tech 1652 |
| 10:02 | Research | Chemistry |
| 10:14 | Build | Lumber Camp |
| 10:16 | Age | Imperial Age |
| 10:20 | Research | Onager (upgrade) |
| 10:28 | Research | Siege Engineers |
| 10:29 | Research | Siege Engineers |
| 10:30 | Research | Tech 1743 |
| 10:30 | Research | Tech 1743 |
| 10:46 | Build | Farm |
| 10:47 | Build | Farm |
| 10:48 | Build | Farm |
| 10:49 | Build | Farm |
| 10:51 | Build | Farm |
| 10:52 | Build | Farm |
| 10:53 | Build | Farm |
| 10:55 | Build | Farm |
| 11:11 | Research | Tech 1744 |
| 11:17 | Research | Houfnice (upgrade) |
| 11:17 | Research | Houfnice (upgrade) |
| 11:27 | Create | Villager (Male) |
| 11:34 | Build | Mining Camp |
| 11:49 | Research | Stone Mining |
| 11:50 | Research | Stone Mining |
| 11:50 | Research | Tech 1723 |
| 11:50 | Research | Stone Shaft Mining |
| 11:51 | Research | Stone Shaft Mining |
| 11:51 | Research | Tech 1724 |
| 11:52 | Research | Tech 1724 |
| 11:52 | Research | Tech 1727 |
| 11:52 | Research | Tech 1727 |
| 11:53 | Research | Tech 1728 |
| 11:53 | Research | Tech 1728 |
| 11:56 | Research | Gold Mining |
| 11:56 | Research | Gold Mining |
| 11:57 | Research | Tech 1653 |
| 11:57 | Research | Gold Shaft Mining |
| 11:57 | Research | Gold Shaft Mining |
| 11:58 | Research | Gold Shaft Mining |
| 11:58 | Research | Tech 1654 |
| 11:58 | Research | Tech 1654 |
| 11:59 | Research | Tech 1677 |
| 11:59 | Research | Tech 1677 |
| 11:59 | Research | Tech 1677 |
| 12:00 | Research | Tech 1678 |
| 12:00 | Research | Tech 1678 |
| 12:03 | Research | Tech 1625 |
| 12:04 | Research | Tech 1625 |
| 12:04 | Research | Tech 1624 |
| 12:04 | Research | Tech 1624 |
| 12:05 | Research | Horse Collar |
| 12:11 | Research | Two-Man Saw |
| 12:11 | Research | Two-Man Saw |
| 12:12 | Research | Tech 1705 |
| 12:12 | Research | Tech 1705 |
| 12:12 | Research | Tech 1706 |
| 12:50 | Build | Lumber Camp |
| 13:01 | Build | Castle |
| 13:11 | Research | Guilds |
| 13:25 | Build | Farm |
| 13:26 | Build | Farm |
| 13:34 | Research | Hussite Reforms |
| 13:36 | Research | Conscription |
| 13:37 | Research | Conscription |
| 13:37 | Research | Tech 1733 |
| 13:38 | Research | Tech 1733 |
| 13:38 | Research | Tech 1734 |
| 13:38 | Research | Tech 1734 |
| 13:39 | Research | Wagenburg Tactics |
| 13:40 | Research | Wagenburg Tactics |
| 13:40 | Research | Tech 1850 |
| 13:40 | Research | Tech 1850 |
| 13:41 | Research | Tech 1851 |
Build order — dkarsten27
First 150 of 168 actions detected
| 0:09 | Build | House |
| 0:11 | Build | Mill |
| 0:36 | Build | Farm |
| 0:52 | Build | Farm |
| 1:08 | Build | Farm |
| 1:13 | Build | Farm |
| 1:18 | Build | Farm |
| 1:43 | Build | Farm |
| 1:47 | Build | Farm |
| 1:50 | Build | Farm |
| 2:15 | Build | Mule Cart |
| 3:09 | Research | Feudal Age |
| 3:39 | Build | Farm |
| 3:46 | Build | Farm |
| 4:01 | Age | Feudal Age |
| 4:05 | Build | Market |
| 4:37 | Build | Blacksmith |
| 4:58 | Research | Castle Age |
| 6:02 | Age | Castle Age |
| 6:06 | Build | Town Center |
| 6:46 | Research | Double-Bit Axe |
| 6:48 | Research | Tech 1687 |
| 6:48 | Research | Tech 1688 |
| 6:56 | Research | Town Watch |
| 6:57 | Research | Tech 1612 |
| 6:58 | Research | Tech 1613 |
| 8:17 | Research | Wheelbarrow |
| 8:23 | Research | Gold Mining |
| 8:24 | Research | Stone Mining |
| 9:33 | Build | Mule Cart |
| 9:43 | Build | Mule Cart |
| 10:29 | Build | Siege Workshop |
| 10:38 | Build | Monastery |
| 11:03 | Research | Imperial Age |
| 11:18 | Create | Mangonel |
| 11:20 | Create | Mangonel |
| 12:13 | Research | Tech 1723 |
| 12:15 | Research | Tech 1724 |
| 12:17 | Research | Gold Shaft Mining |
| 12:19 | Age | Imperial Age |
| 12:19 | Research | Tech 1653 |
| 12:20 | Research | Bow Saw |
| 12:21 | Research | Tech 1654 |
| 13:00 | Build | Farm |
| 13:02 | Build | Farm |
| 13:04 | Build | Farm |
| 13:06 | Build | Mill |
| 13:25 | Research | Tech 1625 |
| 13:36 | Build | Mule Cart |
| 14:06 | Build | Farm |
| 14:30 | Research | Tech 1677 |
| 14:32 | Research | Tech 1678 |
| 14:44 | Build | Farm |
| 14:48 | Build | Farm |
| 14:53 | Build | Farm |
| 15:31 | Build | Blacksmith |
| 15:32 | Build | Blacksmith |
| 15:52 | Create | Monk |
| 16:03 | Research | Tech 1691 |
| 16:03 | Research | Tech 1692 |
| 16:04 | Research | Tech 1705 |
| 16:11 | Research | Tech 1706 |
| 16:11 | Research | Tech 1706 |
| 16:22 | Research | Tech 1705 |
| 16:28 | Build | Mill |
| 16:37 | Build | Farm |
| 16:41 | Build | Farm |
| 16:46 | Build | House |
| 16:47 | Build | House |
| 17:07 | Research | Onager (upgrade) |
| 17:40 | Research | Tech 1727 |
| 17:40 | Research | Tech 1727 |
| 17:40 | Research | Tech 1728 |
| 17:40 | Research | Tech 1728 |
| 17:56 | Build | Castle |
| 18:36 | Create | Villager (Male) ×5 |
| 18:38 | Create | Villager (Male) |
| 18:38 | Create | Villager (Male) |
| 18:39 | Create | Villager (Male) |
| 18:43 | Create | Villager (Male) |
| 18:44 | Create | Villager (Male) |
| 18:57 | Research | Conscription |
| 18:58 | Research | Tech 1733 |
| 18:59 | Research | Tech 1734 |
| 19:02 | Research | Fereters |
| 19:03 | Research | Tech 1934 |
| 19:04 | Research | Tech 1934 |
| 19:07 | Research | Cilician Fleet |
| 19:07 | Research | Cilician Fleet |
| 19:08 | Research | Elite Composite Bowman (upgrade) |
| 19:29 | Research | Tech 1935 |
| 19:55 | Research | Padded Archer Armor |
| 19:55 | Research | Fletching |
| 19:56 | Research | Tech 1695 |
| 19:57 | Research | Tech 1681 |
| 19:57 | Research | Tech 1696 |
| 20:24 | Build | Castle |
| 20:38 | Build | Castle |
| 21:10 | Research | Hoardings |
| 21:11 | Research | Tech 1745 |
| 21:12 | Research | Tech 1746 |
| 21:24 | Build | University |
| 22:04 | Research | Bodkin Arrow |
| 22:04 | Research | Leather Archer Armor |
| 22:04 | Research | Tech 1682 |
| 22:05 | Research | Tech 1697 |
| 22:05 | Research | Tech 1683 |
| 22:05 | Research | Tech 1698 |
| 22:06 | Research | Tech 1684 |
| 22:31 | Create | Warrior Priest ×5 |
| 22:35 | Create | Warrior Priest ×5 |
| 22:35 | Create | Warrior Priest ×5 |
| 23:18 | Build | House |
| 23:20 | Build | House |
| 23:21 | Build | House |
| 23:23 | Build | House |
| 23:25 | Build | House |
| 23:26 | Build | House |
| 23:37 | Research | Town Patrol |
| 23:41 | Research | Ring Archer Armor |
| 23:42 | Research | Bracer |
| 23:42 | Research | Tech 1703 |
| 23:43 | Research | Tech 1685 |
| 23:55 | Build | Outpost |
| 24:39 | Build | Outpost |
| 24:46 | Research | Tech 1704 |
| 24:47 | Research | Tech 1686 |
| 25:00 | Research | Scale Mail Armor |
| 25:01 | Research | Forging |
| 25:01 | Research | Tech 1663 |
| 25:02 | Research | Tech 1661 |
| 25:03 | Research | Tech 1664 |
| 25:04 | Research | Tech 1662 |
| 25:11 | Create | Unit 1260 ×5 |
| 25:13 | Create | Unit 1260 ×5 |
| 25:13 | Create | Unit 1260 ×5 |
| 25:13 | Create | Unit 1260 ×5 |
| 25:14 | Create | Unit 1260 ×5 |
| 25:14 | Create | Unit 1260 ×5 |
| 25:14 | Create | Unit 1260 ×2 |
| 25:15 | Create | Unit 1260 ×2 |
| 25:15 | Create | Unit 1260 ×2 |
| 25:15 | Create | Unit 1260 ×2 |
| 25:16 | Create | Unit 1260 ×2 |
| 25:39 | Build | House |
| 25:42 | Build | House |
| 25:43 | Build | House |
| 25:46 | Build | Barracks |
| 25:47 | Build | Barracks |
| 25:49 | Build | Barracks |
Build order — jonathan
First 150 of 245 actions detected
| 0:16 | Build | Mill |
| 0:25 | Build | Farm |
| 0:29 | Build | Farm |
| 0:33 | Build | Farm |
| 0:54 | Build | Farm |
| 1:05 | Build | Farm |
| 1:08 | Build | Farm |
| 1:11 | Build | Farm |
| 1:43 | Build | Farm |
| 1:52 | Build | Mule Cart |
| 2:01 | Create | Villager (Male) |
| 2:02 | Create | Villager (Male) |
| 2:02 | Create | Villager (Male) |
| 2:14 | Build | House |
| 2:23 | Build | Mule Cart |
| 2:57 | Research | Feudal Age |
| 3:14 | Create | Villager (Male) |
| 3:48 | Build | Farm |
| 3:56 | Create | Villager (Male) |
| 4:05 | Age | Feudal Age |
| 4:12 | Research | Double-Bit Axe |
| 4:12 | Research | Tech 1687 |
| 4:13 | Research | Tech 1688 |
| 4:13 | Research | Tech 1688 |
| 4:28 | Build | Market |
| 4:35 | Build | Blacksmith |
| 4:47 | Create | Villager (Male) |
| 4:54 | Research | Wheelbarrow |
| 5:10 | Build | Farm |
| 5:18 | Build | Farm |
| 5:22 | Build | Mill |
| 5:38 | Research | Castle Age |
| 5:42 | Research | Stone Mining |
| 5:48 | Research | Tech 1625 |
| 6:08 | Research | Gold Mining |
| 6:17 | Build | Mule Cart |
| 6:20 | Build | Mule Cart |
| 6:29 | Research | Tech 1699 |
| 6:30 | Research | Tech 1700 |
| 6:42 | Age | Castle Age |
| 6:55 | Build | Farm |
| 7:19 | Create | Villager (Male) |
| 7:20 | Create | Villager (Male) |
| 7:24 | Research | Bow Saw |
| 7:25 | Research | Tech 1691 |
| 7:25 | Research | Tech 1692 |
| 7:30 | Build | Mule Cart |
| 7:38 | Build | Town Center |
| 7:49 | Build | House |
| 8:00 | Build | Mule Cart |
| 8:07 | Research | Stone Shaft Mining |
| 8:07 | Research | Tech 1723 |
| 8:07 | Research | Tech 1724 |
| 8:09 | Research | Tech 1653 |
| 8:10 | Research | Tech 1654 |
| 8:14 | Build | Farm |
| 8:19 | Build | Farm |
| 8:21 | Build | Farm |
| 8:36 | Build | Farm |
| 8:38 | Build | Farm |
| 8:41 | Create | Villager (Male) |
| 8:46 | Create | Villager (Male) |
| 8:47 | Create | Villager (Male) |
| 8:47 | Create | Villager (Male) |
| 8:47 | Create | Villager (Male) |
| 8:51 | Build | Farm |
| 8:52 | Build | Farm |
| 8:53 | Build | Farm |
| 8:54 | Build | Farm |
| 8:57 | Build | Farm |
| 9:06 | Research | Hand Cart |
| 9:07 | Create | Villager (Male) |
| 9:07 | Create | Villager (Male) |
| 9:08 | Create | Villager (Male) |
| 9:12 | Build | Farm |
| 9:13 | Build | Farm |
| 9:14 | Build | Farm |
| 9:15 | Build | Farm |
| 9:16 | Build | Farm |
| 9:17 | Build | Farm |
| 9:17 | Build | Farm |
| 9:18 | Build | Farm |
| 9:28 | Build | Farm |
| 9:31 | Build | Farm |
| 9:34 | Build | Farm |
| 9:59 | Build | Farm |
| 10:13 | Research | Tech 1624 |
| 10:14 | Research | Horse Collar |
| 10:19 | Research | Town Watch |
| 10:20 | Research | Tech 1612 |
| 10:20 | Research | Tech 1613 |
| 10:20 | Research | Tech 1613 |
| 10:22 | Create | Villager (Male) |
| 10:22 | Create | Villager (Male) |
| 10:25 | Build | Farm |
| 10:25 | Build | Farm |
| 10:27 | Build | Farm |
| 10:31 | Build | Farm |
| 10:44 | Research | Tech 1623 |
| 10:45 | Research | Tech 1623 |
| 10:45 | Research | Tech 1622 |
| 10:45 | Research | Heavy Plow |
| 10:52 | Build | Mule Cart |
| 10:55 | Build | Mule Cart |
| 11:02 | Build | Mule Cart |
| 11:07 | Build | House |
| 11:15 | Build | University |
| 11:20 | Build | Monastery |
| 11:28 | Build | Mule Cart |
| 11:44 | Research | Tech 1727 |
| 11:44 | Research | Tech 1728 |
| 11:45 | Research | Tech 1677 |
| 11:46 | Research | Tech 1678 |
| 11:56 | Build | Mule Cart |
| 12:08 | Research | Tech 1715 |
| 12:09 | Research | Tech 1716 |
| 12:10 | Create | Villager (Male) |
| 12:11 | Create | Villager (Male) |
| 12:11 | Create | Villager (Male) |
| 12:11 | Create | Villager (Male) |
| 12:13 | Build | Farm |
| 12:18 | Build | Farm |
| 12:22 | Build | Farm |
| 12:25 | Build | Farm |
| 12:35 | Build | Siege Workshop |
| 12:38 | Build | Barracks |
| 13:06 | Build | Market |
| 13:38 | Research | Imperial Age |
| 13:39 | Research | Loom |
| 13:39 | Research | Loom |
| 13:39 | Research | Tech 1628 |
| 13:40 | Research | Tech 1629 |
| 13:40 | Research | Tech 1629 |
| 13:41 | Research | Town Patrol |
| 14:05 | Build | Archery Range |
| 14:06 | Build | Archery Range |
| 14:07 | Build | Archery Range |
| 14:08 | Build | Archery Range |
| 14:14 | Build | Blacksmith |
| 14:14 | Build | Blacksmith |
| 14:15 | Build | Blacksmith |
| 14:20 | Create | Mangonel |
| 14:30 | Build | Archery Range |
| 14:33 | Research | Elite Skirmisher (upgrade) |
| 14:33 | Research | Thumb Ring |
| 14:34 | Research | Tech 1753 |
| 14:34 | Research | Tech 1754 |
| 14:39 | Research | Fletching |
| 14:41 | Research | Padded Archer Armor |
| 14:42 | Research | Tech 1681 |
Match timeline
| 2:58 | 漫山哒哒哒 · age_up feudal |
| 3:38 | Lumedge · age_up feudal |
| 3:40 | Yakult · age_up feudal |
| 3:55 | 漫山哒哒哒 · first_market_sell 100 wood |
| 4:01 | dkarsten27 · age_up feudal |
| 4:03 | tonkatumura · age_up feudal |
| 4:05 | jonathan · age_up feudal |
| 4:20 | highROLEX · age_up feudal |
| 4:28 | AceTrooper · age_up feudal |
| 4:29 | dkarsten27 · first_market_sell 500 wood |
| 4:33 | tonkatumura · first_market_sell 500 wood |
| 4:34 | Lumedge · first_market_sell 500 wood |
| 4:58 | AceTrooper · first_market_sell 500 wood |
| 5:00 | jonathan · first_market_sell 500 wood |
| 5:50 | 漫山哒哒哒 · first_market_buy 100 stone |
| 6:02 | dkarsten27 · age_up castle |
| 6:13 | 漫山哒哒哒 · age_up castle |
| 6:40 | Lumedge · age_up castle |
| 6:42 | jonathan · age_up castle |
| 6:47 | tonkatumura · age_up castle |
| 7:04 | Yakult · first_market_sell 500 wood |
| 7:15 | tonkatumura · first_market_buy 100 stone |
| 7:22 | 漫山哒哒哒 · first_building Monastery |
| 7:28 | highROLEX · age_up castle |
| 7:45 | AceTrooper · first_market_buy 500 stone |
| 7:45 | AceTrooper · age_up castle |
| 7:49 | Lumedge · first_market_buy 500 food |
| 8:15 | Yakult · first_market_buy 100 food |
| 8:37 | tonkatumura · first_building Siege Workshop |
| 9:06 | Lumedge · first_building Siege Workshop |
| 9:11 | Lumedge · first_building Monastery |
| 9:27 | Yakult · age_up castle |
| 9:56 | 漫山哒哒哒 · first_building Siege Workshop |
| 10:15 | highROLEX · first_building Monastery |
| 10:16 | tonkatumura · age_up imperial |
| 10:21 | highROLEX · first_building Siege Workshop |
| 10:29 | dkarsten27 · first_building Siege Workshop |
| 10:38 | dkarsten27 · first_building Monastery |
| 10:42 | Yakult · first_building Siege Workshop |
| 10:42 | Lumedge · age_up imperial |
| 10:53 | Lumedge · first_building Castle |
| 11:00 | 漫山哒哒哒 · age_up imperial |
| 11:13 | Yakult · first_building Monastery |
| 11:20 | jonathan · first_building Monastery |
| 11:34 | AceTrooper · first_building Siege Workshop |
| 11:35 | 漫山哒哒哒 · first_building Barracks |
| 11:36 | AceTrooper · first_building Monastery |
| 11:46 | Lumedge · first_building Barracks |
| 12:01 | Lumedge · first_building Archery Range |
| 12:02 | Lumedge · first_building Stable |
| 12:19 | dkarsten27 · age_up imperial |
| 12:19 | highROLEX · first_market_buy 500 stone |
| 12:28 | highROLEX · first_building Castle |
| 12:35 | jonathan · first_building Siege Workshop |
| 12:38 | jonathan · first_building Barracks |
| 12:42 | Yakult · first_building Castle |
| 12:54 | highROLEX · age_up imperial |
| 13:01 | Yakult · age_up imperial |
| 13:01 | tonkatumura · first_building Castle |
| 13:12 | AceTrooper · age_up imperial |
| 13:20 | 漫山哒哒哒 · first_building Castle |
| 14:05 | jonathan · first_building Archery Range |
| 14:15 | Yakult · first_building Barracks |
| 14:54 | jonathan · age_up imperial |
| 14:58 | Yakult · first_building Archery Range |
| 15:06 | Yakult · first_building Stable |
| 15:09 | AceTrooper · first_building Barracks |
| 15:13 | jonathan · first_building Castle |
| 15:13 | highROLEX · first_building Barracks |
| 16:16 | AceTrooper · first_building Castle |
| 17:11 | AceTrooper · first_building Stable |
| 17:28 | highROLEX · first_building Stable |
| 17:48 | dkarsten27 · first_market_buy 500 stone |
| 17:56 | dkarsten27 · first_building Castle |
| 18:42 | tonkatumura · first_building Monastery |
| 20:08 | jonathan · tribute_sent a jugador 1 |
| 20:08 | jonathan · tribute_sent a jugador 2 |
| 20:08 | jonathan · tribute_sent a jugador 3 |
| 20:08 | jonathan · tribute_sent a jugador 4 |
| 20:08 | jonathan · tribute_sent a jugador 5 |
| 20:08 | jonathan · tribute_sent a jugador 6 |
| 20:08 | jonathan · tribute_sent a jugador 8 |
| 20:17 | jonathan · tribute_sent a jugador 1 |
| 20:17 | jonathan · tribute_sent a jugador 2 |
| 20:17 | jonathan · tribute_sent a jugador 3 |
| 20:17 | jonathan · tribute_sent a jugador 4 |
| 20:17 | jonathan · tribute_sent a jugador 5 |
| 20:17 | jonathan · tribute_sent a jugador 6 |
| 20:17 | jonathan · tribute_sent a jugador 8 |
| 22:31 | Lumedge · resign |
| 25:46 | dkarsten27 · first_building Barracks |
[ AI ANALYSIS · 1 CREDIT ]
What really happened in this match?
Wolo.gg analyzes every decision: build order, eco, micro, common mistakes by bracket. Personalized analysis on WhatsApp or Discord in 30 seconds.
Civ guide
Bengalis
Map guide
Bamboo Nothing v1 [SCORPYON] (Custom)
Perfil
highROLEX